 Dungeon Crawl Stone Soup version 0.27-a0-1273-gec92ba881d (webtiles) character file.

Game seed: 9176888799836805204

58 dickylongcocking the Magician (level 4, -1/32 HPs)
             Began as a Djinni Enchanter on June 12, 2021.
             Was an Initiate of Dithmenos.
             Slain by a hound (5 damage)
             ... on level 3 of the Dungeon.
             The game lasted 00:03:10 (3785 turns).

dickylongcocking the Magician (Djinni Enchanter)    Turns: 3785, Time: 00:03:11

Health: -1/32      AC:  2    Str:  7    XL:     4   Next: 21%
Gold:   108        EV: 11    Int: 17    God:    Dithmenos [......] SH:  4 Dex: 14

rFire    + + .     SeeInvis .   a - +1 dagger
rCold    x . .     Faith    .   f - +0 buckler
rNeg     . . .     Spirit   .   b - +0 robe
rPois    ∞         Reflect  .   (no helmet)
rElec    .         Harm     .   (no cloak)
rCorr    .         Rampage  .   (no gloves)
Will     .....                  (boots unavailable)
Stlth    ++........             (no amulet)
HPRegen  0.10/turn              (no ring)
MPRegen  0.00/turn              (no ring)

@: flying
A: sickness immunity, fire resistance 2, cold vulnerability 1, float, innate
caster, hp casting, extra vitality 1
a: Renounce Religion


You were on level 3 of the Dungeon.
You worshipped Dithmenos.
Dithmenos was noncommittal.
You visited 1 branch of the dungeon, and saw 3 of its levels.

You collected 108 gold pieces.

Inventory:

Hand Weapons
 a - a +1 dagger (weapon)
Armour
 b - a +0 robe (worn)
 f - a +0 buckler (worn)
Scrolls
 d - a scroll of enchant armour {unknown}
 g - a scroll of identify
 j - a scroll of fog


   Skills:
 * Level 1.2 Fighting
 * Level 2.0 Short Blades
 - Level 2.1 Dodging
 - Level 2.4 Stealth
 * Level 0.9 Shields
 * Level 2.9 Spellcasting


You couldn't memorise any spells.
You knew the following spells:

 Your Spells              Type           Power      Damage    Failure   Level
a - Corona                Hex            13%        N/A       8%          1
b - Ensorcelled Hibernat  Hex/Ice        24%        N/A       12%         2
c - Confusing Touch       Hex            12%        N/A       22%         3
d - Tukima's Dance        Hex            12%        N/A       22%         3
e - Dazzling Flash        Conj/Hex       24%        N/A       22%         3
f - Sting                 Tmut/Pois      48%        1d5       8%          1
Your spell library was empty.

Dungeon Overview and Level Annotations

Branches:
Dungeon (3/15)

Altars:
Dithmenos


Innate Abilities, Weirdness & Mutations

You are immune to sickness and miasma.
You are immune to poison.
Your flesh is very heat resistant. (rF++)
You are vulnerable to cold. (rC-)
You float through the air rather than walking.
You learn spells naturally, not from books.
Your magical power is your life essence.
You have superior vitality. (+4 HP)


Message History

As you read the scroll labelled PURIFO ZYEG, it crumbles to dust.
It is a scroll of identify.
j - a scroll of fog The kobold closely misses you.
The endoplasm misses you.
The endoplasm hits you but does no damage.
The endoplasm freezes you.
You are frozen.
* * * LOW HITPOINT WARNING * * *
The kobold throws a stone.
The stone misses you.
You aren't carrying any potions.
Unknown command.
As you read the scroll labelled ELLYZONAMN, it crumbles to dust.
It is a scroll of amnesia.
You feel forgetful for a moment. The endoplasm closely misses you.
Unknown command.
Unknown command.
As you read the scroll labelled GOFUOCZAO, it crumbles to dust.
You feel strangely unstable.
It was a scroll of teleportation.
The endoplasm freezes you.
You are frozen.
* * * LOW HITPOINT WARNING * * *
Unknown command.
Your surroundings suddenly seem different.
Found a robe.
A hound comes into view.
The helpless hound fails to defend itself.
You puncture the hound!
The hound is almost dead.
The hound bites you.
* * * LOW HITPOINT WARNING * * *
Unknown command.
Casting: Corona (safe; 8% risk of failure)
Confirm with . or Enter, or press ? or * to list all spells.
Aiming: Ensorcelled Hibernation (safe; 12% risk of failure)
Press: ? - help, Shift-Dir - straight line, f - hound
Aim: a hound (almost dead, chance to affect: 51%)
The hound resists with some effort.
* * * LOW HITPOINT WARNING * * *
The hound bites you.
You die...

#.......#
.#.......#
.........#
#
#.......#
#.#
##.......#
...#
.........#
.#
#......h#
##
#......@#
#...[...#
..########


You could see a hound.

Vanquished Creatures
  Robin (D:2)
  A worm (D:2)
  2 bats
  3 endoplasms (D:1)
  3 giant cockroaches
  7 goblins
  8 hobgoblins
  3 kobolds
  4 ball pythons
  6 frilled lizards
  3 rats
41 creatures vanquished.

Notes
Turn   | Place    | Note
-------+----------+-------------------------------------------
     0 | D:1      | dickylongcocking the Djinni Enchanter began the quest for
                  | the Orb.
     0 | D:1      | Reached XP level 1. HP: 15/15 MP: 0/0
    81 | D:1      | Reached skill level 1 in Short Blades
   397 | D:1      | Reached XP level 2. HP: 15/21 MP: 0/0
  1237 | D:1      | Reached XP level 3. HP: 18/25 MP: 0/0
  1237 | D:1      | Learned a level 1 spell: Sting
  2710 | D:2      | Found a shadowy altar of Dithmenos.
  2928 | D:2      | Became a worshipper of Dithmenos the Shadowed
  2957 | D:3      | Noticed a phantom
  3230 | D:2      | Reached skill level 1 in Fighting
  3341 | D:2      | Noticed Robin
  3353 | D:2      | Killed Robin
  3354 | D:2      | Reached XP level 4. HP: 14/32 MP: 0/0
  3785 | D:3      | Slain by a hound

Illustrated notes

Levels and vault maps discovered:
D:1:      dpeg_arrival_signposts, layout_basic, minmay_lizard_pond
D:2:      layout_basic, basic_altar, uniq_robin
D:3:      layout_rooms

Skill      XL: |  1  2  3 |
---------------+----------+-----
Short Blades   | 1 2 |  2.0
Fighting       | 1 |  1.2
Dodging        | |  2.1
Stealth        | |  2.4
Shields        | |  0.9
Spellcasting   | |  2.9

Action                   |  1- 3 |  4- 6 || total
-------------------------+-------+-------++-------
Melee: Dagger            |   107 |    14 ||   121
       Unarmed           |     1 |     5 ||     6
 Cast: Corona            |     6 |       ||     6
       Ensorcelled Hiber |    27 |     1 ||    28
  Use: Potion            |     6 |       ||     6
       Scroll            |       |     3 ||     3
 Stab: Sleeping          |    18 |     3 ||    21
Armor: Robe              |    17 |     3 ||    20
       Skin              |     7 |     2 ||     9
Dodge: Dodged            |    59 |    10 ||    69
Block: Buckler           |     4 |     1 ||     5

Table legend: (Time is in decaauts)
 A = Elapsed time spent in this place.
 B = Non-inter-level travel time spent in this place.
 C = Inter-level travel time spent in this place.
 D = Time resting spent in this place.
 E = Time spent auto-exploring this place.
 F = Levels seen in this place.
 G = Mean time per level.
                   A        B        C        D        E       F      G
               +--------+--------+--------+--------+--------+-----+--------+
         Total |   3781 |   3641 |    140 |    835 |   2408 |   3 | 1260.3 |
       Dungeon |   3781 |   3641 |    140 |    835 |   2408 |   3 | 1260.3 |
               +--------+--------+--------+--------+--------+-----+--------+

Top non-repeatable levels by time:
     D:1: 1874 daAuts
     D:2: 1822 daAuts
     D:3: 84 daAuts
